 Dungeon Crawl Stone Soup version 0.20-a0-1020-g7b9e4fe (webtiles) character file.

539 Gorglomux the Spear-Bearer (level 7, -2/57 HPs)
             Began as a Red Draconian Chaos Knight on Apr 18, 2017.
             Slain by Doomer's ghost (14 damage)
             ... on level 4 of the Dungeon.
             The game lasted 00:06:37 (2828 turns).

Gorglomux the Spear-Bearer (DrCK)                   Turns: 2828, Time: 00:06:38

Health: -2/57      AC:  7    Str: 15    XL:     7   Next: 5%
Magic:  7/7        EV: 12    Int: 12    God:    Xom [..*...]
Gold:   191        SH:  0    Dex: 12    Spells: 6/6 levels left

rFire    + . .     SeeInvis .   a - +0 spear (chaos)
rCold    . . .     Gourm    +   (no shield)
rNeg     . . .     Faith    .   (armour unavailable)
rPois    .         Spirit   .   (helmet restricted)
rElec    .         Reflect  .   (no cloak)
rCorr    .         Harm     .   (no gloves)
MR       .....                  m - +0 pair of boots
Stlth    +.........             n - amulet of the gourmand {Gourm, !d}
Regen    0.2/turn               (no ring)
MPRegen  0.1/turn               (no ring)

@: short of breath, very slightly contaminated, invisible
A: breathe fire, unfitting armour, fire resistance 1, cold-blooded, AC +6
a: Breathe Fire, Renounce Religion


You were on level 4 of the Dungeon.
You worshipped Xom.
You were a toy of Xom.
You were completely stuffed.

You visited 1 branch of the dungeon, and saw 4 of its levels.

You collected 191 gold pieces.

Inventory:

Hand Weapons
 a - a +0 spear of chaos (weapon)
Armour
 m - a +0 pair of boots (worn)
   (You found it on level 2 of the Dungeon)
 v - a +0 cloak
   (You found it on level 3 of the Dungeon)
Jewellery
 n - an amulet of the gourmand (around neck) {Gourm, !d}
   (You found it on level 2 of the Dungeon)
 w - a cursed -2 ring of strength {unknown}
   (You found it on level 3 of the Dungeon)
Scrolls
 e - 5 scrolls of identify {unknown}
 f - 3 scrolls of teleportation {unknown}
 h - a scroll of fear {unknown}
 i - a scroll of immolation {unknown}
 j - a scroll of enchant armour {unknown}
 o - a scroll of recharging {unknown}
 s - a scroll of amnesia {unknown}
 x - 3 scrolls of fog {unknown}
 y - 2 scrolls of remove curse {unknown}
Potions
 d - a potion of cancellation {unknown}
 l - a potion of agility {unknown}
 r - a potion of mutation {unknown}
 t - a potion of might {unknown}
 u - 2 potions of brilliance {unknown}
Comestibles
 b - 2 bread rations {@e1@e1}
 c - a chunk of flesh {@w0@w0}
 k - 3 meat rations {@e2@e2}
 p - 2 fruits


   Skills:
 - Level 3.2 Fighting
 + Level 8.1 Polearms
 - Level 2.1 Dodging


You had 6 spell levels left.
You didn't know any spells.

Dungeon Overview and Level Annotations

Branches:
Dungeon (4/15)
 Temple: D:4-7

Altars:
Elyvilon
Kikubaaqudgha
Nemelex Xobeh
Okawaru
Ru

Annotations:
D:4 Doomer's ghost, amateur DsGl


Innate Abilities, Weirdness & Mutations

You can breathe blasts of fire.
Your fiery red scales are hard. (AC +6)
You cannot fit into any form of body armour.
Your flesh is heat resistant. (rF+)
You are cold-blooded and may be slowed by cold attacks.


Message History

You climb downwards.
Found a stone staircase leading up.
There is a stone staircase leading up here.
You open the door.
There is an open door here.
You now have 177 gold pieces (gained 2).
Xom makes a sudden noise!
You hear someone snoring.
There is an open door here.
You open the door.
There is an open door here.
You open the door.
There is an open door here.
As you open the door, it creaks loudly!
There is an open door here.
You open the door.
There is an open door here.
There is an open door here.
There is an open door here.
Eating one of 2 chunks of flesh {@w0@w0}.
You eat one of the 2 chunks of flesh {@w0@w0}.
This raw flesh tastes great.
You open the door.
A worker ant comes into view.
There is an open door here.
A worker ant is nearby!
The worker ant twitches its antennae in your direction.
You hit the worker ant.
Space warps horribly around the worker ant!
You kill the worker ant!
No target in view!
No target in view!
No target in view!
Unknown command.
You see here a worker ant corpse.
e - 4 scrolls labeled HACEOBOUNOP (gained 1)
You now have 191 gold pieces (gained 14).
e - 5 scrolls labeled HACEOBOUNOP (gained 1)
You open the door.
Doomer's ghost (amateur Demonspawn Gladiator) comes into view.
Doomer's ghost turns its malevolent gaze towards you.
Doomer's ghost hits you.
You take 1 damage, and have 56/57 hp.
Aim: Doomer's ghost You breathe a blast of fire.
The fiery breath hits Doomer's ghost.
Doomer's ghost resists.
You feel somewhat less full.
Doomer's ghost is engulfed in blazing flames.
Doomer's ghost hits you!
You take 8 damage, and have 48/57 hp.
You closely miss Doomer's ghost.
Your tail-slap misses Doomer's ghost.
You miss Doomer's ghost. "Hum-dee-hum-dee-hum..."
Doomer's ghost seems to speed up.
Doomer's ghost is engulfed in blazing flames.
Doomer's ghost hits you.
You take 5 damage, and have 44/57 hp.
You hit Doomer's ghost.
Doomer's ghost is engulfed in blazing flames.
Doomer's ghost hits you but does no damage.
You hit Doomer's ghost but do no damage.
Doomer's ghost flickers and vanishes!
Deactivating autopickup; reactivate with Ctrl-A.
Something hits you but does no damage.
You hit something but do no damage. Something hits you.
You take 3 damage, and have 41/57 hp.
You hit something but do no damage. Something hits you! x2
You take 22 damage, and have 19/57 hp.
MASSIVE DAMAGE!!
Really walk into that cloud of flame?
Okay, then.
Unknown command.
You miss something. Something completely misses you.
You barely miss something. Something hits you.
* * * LOW HITPOINT WARNING * * *
You take 4 damage, and have 15/57 hp.
Unknown command.
You can't do that yet.
Unknown command.
It was a potion of heal wounds.
You feel much better.
Xom roars with laughter!
Something hits you.
You regained 26 hp, and now have 41/57 hp.
Something hits you!
You take 8 damage, and have 33/57 hp.
Something barely misses you. Something hits you.
You take 2 damage, and have 31/57 hp.
Something hits you!
You take 7 damage, and have 24/57 hp.
There is an open door here.
Something hits you but does no damage.
It was a potion of invisibility.
You fade into invisibility!
Something hits you.
You are very lightly contaminated with residual magic.
You take 6 damage, and have 19/57 hp.
You hit something. Something hits you but does no damage. Something hits you!
* * * LOW HITPOINT WARNING * * *
You take 7 damage, and have 12/57 hp.
You hit something but do no damage. Something hits you!
You die...

.#################...
'#...................#
....<................#
.....................#
.....................#
....<................#
.....................
..##'########....##+###+##
..#......# #...@#........
.# ..#......#
#....'..........#
..#.....## #....#..###.#
..# ..#.....#
#....#..###+##..#
..#.....#
#....#..........#
..#######
#....#...†......# ..#
#....#..........+
#....+..........#
#....##.###.###+#


There were no monsters in sight!

Vanquished Creatures
  Grinder (D:3)
  The ghost of sqweez the Skirmisher, an amateur TrBe of Trog (D:3)
  2 worker ants
  6 adders
  2 oozes
  4 worms
  6 leopard geckos
  An orc (D:3)
  A ball python (D:3)
  8 bats
  2 giant cockroaches
  5 goblins
  11 hobgoblins
  2 jackals (D:3)
  2 quokkas (D:3)
  7 frilled lizards
  5 kobolds
  A leopard gecko skeleton (D:3)
  4 rats
71 creatures vanquished.

Notes
Turn   | Place    | Note
-------+----------+-------------------------------------------
     0 | D:1      | Gorglomux the Draconian Chaos Knight began the quest for the Orb.
     0 | D:1      | Reached XP level 1. HP: 19/19 MP: 1/1
   253 | D:1      | Reached XP level 2. HP: 26/26 MP: 2/2
   439 | D:1      | Reached skill level 4 in Polearms
   634 | D:2      | Found a sparkling altar of Nemelex Xobeh.
   671 | D:2      | Reached XP level 3. HP: 20/31 MP: 3/3
   865 | D:2      | XOM: harmless Fire miscast
   966 | D:2      | Found an ancient bone altar of Kikubaaqudgha.
   967 | D:2      | Found a white marble altar of Elyvilon.
   970 | D:2      | XOM: divination: magic mapping
  1005 | D:2      | Found a sacrificial altar of Ru.
  1200 | D:2      | Reached XP level 4. HP: 37/38 MP: 4/4
  1203 | D:2      | Reached skill level 5 in Polearms
  1321 | D:2      | XOM: harmless Necr miscast
  1373 | D:3      | Noticed Grinder
  1375 | D:3      | XOM: potion effect (brilliance)
  1442 | D:3      | Killed Grinder
  1442 | D:3      | Reached skill level 6 in Polearms
  1442 | D:3      | Reached XP level 5. HP: 31/45 MP: 5/5
  1442 | D:3      | Reached XP level 6. HP: 35/51 MP: 6/6
  1481 | D:3      | XOM: cast spell 'Summon Butterflies'
  1498 | D:3      | HP: 12/51 [poisoned by a worker ant]
  1503 | D:3      | HP: 14/76 [poisoned by a worker ant]
  1509 | D:3      | HP: 11/76 [poisoned by a worker ant]
  1515 | D:3      | HP: 8/76 [poisoned by a worker ant]
  1522 | D:3      | HP: 7/76 [poisoned by a worker ant]
  1529 | D:3      | HP: 6/76 [poisoned by a worker ant]
  1537 | D:3      | HP: 6/76 [poisoned by a worker ant]
  1615 | D:3      | XOM: divination: detect items
  1618 | D:3      | Reached skill level 7 in Polearms
  1626 | D:3      | HP: 12/51 [poisoned by a worker ant]
  1632 | D:3      | HP: 11/51 [poisoned by a worker ant]
  1640 | D:3      | HP: 11/51 [poisoned by a worker ant]
  1965 | D:3      | Found an iron altar of Okawaru.
  2022 | D:3      | XOM: harmless Hex miscast
  2108 | D:3      | Noticed sqweez's ghost (amateur TrBe)
  2131 | D:3      | XOM: potion effect (heal wounds)
  2144 | D:3      | Killed sqweez's ghost
  2220 | D:3      | Reached skill level 8 in Polearms
  2646 | D:3      | Your scales start taking on a fiery red colour.
  2646 | D:3      | Reached XP level 7. HP: 57/57 MP: 7/7
  2646 | D:3      | Gained mutation: Your flesh is heat resistant. (rF+) [Red Draconian growth]
  2704 | D:4      | XOM: noise
  2802 | D:4      | Noticed Doomer's ghost (amateur DsGl)
  2808 | D:4      | XOM: enchant monster (bad)
  2827 | D:4      | HP: 12/57 [something (7)]
  2828 | D:4      | Slain by Doomer's ghost

Vault maps used:
D:1:      lemuel_arrival_river_bridge
D:2:      grunt_temple_overflow_open
D:3:      minmay_wonky_spiral, okawaru_ov_weapons_minmay, uniq_grinder
D:4:      black_bear_nest_2, minmay_temple_entry_fiery, serial_shops,
          shop_statue, first_bread

Skill      XL: |  1  2  3  4  5  6 |
---------------+-------------------+-----
Polearms       | 4 6 8 |  8.1
Fighting       | |  3.2
Dodging        | |  2.1

Action                   |  1- 3 |  4- 6 |  7- 9 || total
-------------------------+-------+-------+-------++-------
Melee: Spear             |   138 |   156 |    12 ||   306
       Tailslap          |     5 |    17 |       ||    22
 Abil: Breathe Fire      |       |       |     1 ||     1
  Use: Potion            |       |     1 |     2 ||     3
 Stab: Paralysed         |     1 |       |       ||     1
       Sleeping          |     1 |     1 |       ||     2
  Eat: Chunk             |    10 |     7 |     1 ||    18
Armor: Skin              |    30 |    44 |     4 ||    78
Dodge: Dodged            |    47 |    67 |     2 ||   116

Vault maps used:
D:1:      lemuel_arrival_river_bridge
D:2:      grunt_temple_overflow_open
D:3:      minmay_wonky_spiral, okawaru_ov_weapons_minmay, uniq_grinder
D:4:      black_bear_nest_2, minmay_temple_entry_fiery, serial_shops,
          shop_statue, first_bread

Table legend:
 A = Turns spent in this place as a percentage of turns spent in the entire game.
 B = Non-inter-level travel turns spent in this place as a percentage of non-inter-level travel turns spent in the entire game.
 C = Inter-level travel turns spent in this place as a percentage of turns spent in this place.
 D = Turns resting spent in this place as a percentage of non-inter-level travel turns spent in this place.
 E = Turns spent auto-exploring this place as a percentage of non-inter-level travel turns spent in this place.
 F = Non-inter-level travel turns spent in this place divided by the number of levels of this place that you've seen.
                   A       B       C       D       E      F
               +-------+-------+-------+-------+-------+----------------------
         Total | 100.0 | 100.0 |   0.4 |   1.9 |   9.7 | 253.0
       Dungeon | 100.0 | 100.0 |   0.4 |   1.9 |   9.7 | 253.0
               +-------+-------+-------+-------+-------+----------------------

Table legend:
 A = Kills in this place as a percentage of kills in entire the game.
 B = Kills by you in this place as a percentage of kills by you in the entire game.
 C = Kills by friends in this place as a percentage of kills by friends in the entire game.
 D = Other kills in this place as a percentage of other kills in the entire game.
 E = Experience gained in this place as a percentage of experience gained in the entire game.
 F = Experience gained in this place divided by the number of levels of this place that you have seen.
                   A       B       C       D       E      F
               +-------+-------+-------+-------+-------+----------------------
         Total | 100.0 | 100.0 |  -nan |  -nan | 100.0 | 192.5
       Dungeon | 100.0 | 100.0 |  -nan |  -nan | 100.0 | 192.5
               +-------+-------+-------+-------+-------+----------------------
